[Event "Team 45 45 League T37"]
[Site "Internet Chess Club"]
[Date "2008.05.23"]
[Round "5"]
[White "chess9793"]
[Black "nathesh"]
[Result "0-1"]
[WhiteElo "1767"]
[BlackElo "1479"]
[Opening "Ruy Lopez: closed defense"]
[ECO "C84"]
[Time "22:20:44"]
[TimeControl "2700+45"]

1. e4 e5 2. Nf3 Nc6 3. Bb5 a6 4. Ba4 Nf6 5. O-O Be7 6. d3 d6 7. Bg5 O-O 8. h3 h6
9. Bh4 b5 10. Bb3 Na5 11. Nc3 Nxb3 12. axb3 c6 13. Re1 Bb7 14. Na2 Qc7 15. c4
bxc4 16. bxc4 d5 17. exd5 cxd5 18. Nxe5 Rfd8 19. Qe2 dxc4 20. dxc4 Re8 21. Qc2
Be4 22. Qc3 Rac8 23. Bxf6 Bxf6 24. Rxe4 Rxe5 25. Rxe5 Bxe5 26. Qd2 Bf4 27. Qc2
Qxc4 28. Qxc4 Rxc4 29. Nc3 Rc6 30. Nd5 Bd6 31. Kf1 Kf8 32. b4 f6 33. Rb1 Kf7 34.
b5 axb5 35. Rxb5 Kg6 36. Rb6 Rxb6 37. Nxb6 Kf5 38. Ke2 g5 39. Kf3 h5 40. Nc4 Bc5
41. g4+ hxg4+ 42. hxg4+ Ke6 43. Kg3 Kd5 44. Nd2 Bb4 45. Nf1 Ke4 46. f3+ Kd3 47.
f4 Bd6 48. Kf3 Bxf4 49. Kf2 Ke4 50. Kg2 Kd3 51. Kf3 Kc2 52. Ne3+ Kd3 53. Nd5 Be5
54. Ne7 Kd2 55. Ke4 Ke2 56. Ng6 Kf2 57. Nxe5 fxe5 58. Kxe5 Kg3 59. Kf5 Kh4 60.
Ke4 Kxg4 61. Ke3 Kg3 62. Ke2 Kg2 63. Ke3 g4 64. Ke2 g3 65. Ke3 Kf1 66. Kf3 g2
67. Kf4 g1=Q 68. Ke5 Qg4 69. Kd5 Qf4 70. Kc5 Qe4 71. Kb5 Qd4 72. Ka5 Qc4 73. Kb6
Ke2 74. Ka5 Kd3 75. Kb6 Kd4 76. Ka5 Kd5 77. Kb6 Qc5+ 78. Kb7 Kd6 79. Kb8 Kc6 80.
Kc8 Qf8# {White checkmated} 0-1

[Event "Team 45 45 League T37"]
[Site "Internet Chess Club"]
[Date "2008.05.25"]
[Round "5"]
[White "Silenita"]
[Black "A-Ru"]
[Result "1-0"]
[WhiteElo "1882"]
[BlackElo "1891"]
[Opening "French: King's Indian attack"]
[ECO "C00"]
[Time "09:51:48"]
[TimeControl "2700+45"]

1. e4 e6 2. d3 d5 3. Qe2 Be7 4. f4 c5 5. Nf3 Nf6 6. e5 Nfd7 7. c4 Nc6 8. Be3 d4
9. Bf2 b6 10. Nbd2 Bb7 11. g3 Nb4 12. Qd1 f6 13. a3 Nc6 14. exf6 Bxf6 15. Qe2
Qe7 16. Bg2 e5 17. Nxe5 Ndxe5 18. fxe5 Qxe5 19. Ne4 O-O 20. O-O Kh8 21. Be1 Rae8
22. Bd2 Qe7 23. Rae1 Nd8 24. Qh5 g6 25. Qh3 Be5 26. Bg5 Qc7 27. Qh4 Rxf1+ 28.
Rxf1 Bxe4 29. Bxe4 Qd6 30. Bf6+ Bxf6 31. Rxf6 Qe7 32. Bxg6 Kg7 33. Bxe8 Qxf6 34.
Qxf6+ Kxf6 35. Kf2 Nb7 36. Bc6 Nd6 37. b4 h6 38. bxc5 bxc5 39. Kf3 Nf5 40. Kf4
Ne3 41. g4 Nc2 42. a4 a5 43. h4 Ne3 44. g5+ hxg5+ 45. hxg5+ Ke6 46. Be4 Nd1 47.
Bd5+ Ke7 48. Ke5 Nf2 49. Be4 Kf8 50. Bf5 Kg7 51. Kd5 {Black resigns} 1-0

[Event "Team 45 45 League T37"]
[Site "Internet Chess Club"]
[Date "2008.05.24"]
[Round "5"]
[White "rojito"]
[Black "Marichan"]
[Result "1-0"]
[WhiteElo "1705"]
[BlackElo "1692"]
[Opening "King's Indian defense, 3.Nc3"]
[ECO "E62"]
[Time "10:06:26"]
[TimeControl "2700+45"]

1. d4 Nf6 2. c4 g6 3. Nc3 Bg7 4. g3 O-O 5. Bg2 d6 6. Nf3 Bf5 7. O-O Qc8 8. Qb3
Nc6 9. d5 Na5 10. Qb4 b6 11. Nd4 Bh3 12. Rd1 Bxg2 13. Kxg2 c6 14. dxc6 Nxc6 15.
Nxc6 Qxc6+ 16. Kg1 Rfc8 17. Nd5 Nxd5 18. cxd5 Qc2 19. Qd2 Qxd2 20. Rxd2 Rc5 21.
Kf1 Rac8 22. Rd1 Rc2 23. Rb1 Kf8 24. a3 Ke8 25. b4 Ra2 26. Rd3 Rcc2 27. Re3 Ra1
28. Reb3 Raa2 29. Be3 Rxe2 30. Rc1 Rec2 31. Rxc2 Rxc2 32. Ke1 Kd7 33. Kd1 Rc3
34. Rxc3 Bxc3 35. Kc2 Bg7 36. Kd3 e6 37. Kc4 exd5+ 38. Kxd5 Bb2 39. a4 Ba3 40.
b5 Bc5 41. Bf4 Ke7 42. h4 Kd7 43. f3 Kc7 44. g4 Kd7 45. Bg3 f5 46. gxf5 gxf5 47.
Bf4 h5 48. Bg3 Bb4 49. Bf2 Ba3 50. Bg3 Ke7 51. Kc6 Bb4 52. Kb7 Ke6 53. Kxa7 Bc5
54. Kb7 d5 55. Kc6 Be3 56. Be1 Ke5 57. Bg3+ f4 58. Be1 Bg1 59. a5 bxa5 60. b6
Bxb6 61. Kxb6 a4 62. Kb5 a3 63. Kb4 Kd4 64. Kxa3 Ke3 65. Kb4 Kxf3 66. Kc5 Ke4
67. Bf2 Kf3 68. Be1 Ke4 69. Bc3 f3 70. Bd4 Kf4 71. Bf2 Ke5 72. Be3 Ke4 73. Bf2
Ke5 74. Kb4 Ke4 75. Kc3 Kf4 76. Kd4 Kg4 77. Ke3 d4+ 78. Kxd4 Kh3 79. Ke4 Kg2 80.
Be1 Kf1 81. Kxf3 Kxe1 82. Kf4 Kf2 83. Kg5 Kf3 84. Kxh5 Kf4 85. Kg6 Ke5 86. h5
Ke6 87. h6 Ke7 88. h7 {Black resigns} 1-0

[Event "Team 45 45 League T37"]
[Site "Internet Chess Club"]
[Date "2008.05.25"]
[Round "5"]
[White "DaveTheRook"]
[Black "jjmolina"]
[Result "0-1"]
[WhiteElo "1660"]
[BlackElo "1660"]
[Opening "Réti: King's Indian attack (Barcza system)"]
[ECO "A07"]
[Time "17:05:02"]
[TimeControl "2700+45"]

1. Nf3 d5 2. g3 Nf6 3. Bg2 g6 4. d3 Bg7 5. O-O O-O 6. c3 c5 7. Nbd2 Nc6 8. Re1
e5 9. e4 d4 10. cxd4 cxd4 11. Nc4 Re8 12. a4 Rb8 13. Nfxe5 Nxe5 14. Nxe5 Rxe5
15. Bf4 Nh5 16. Bxe5 Bxe5 17. f4 Bc7 18. Qc2 Nf6 19. h3 Nh5 20. Qf2 Ba5 21. Rec1
Bd7 22. Rc4 a6 23. b4 Bb6 24. a5 Ba7 25. Rcc1 Bb5 26. g4 Ng7 27. Qg3 Qe7 28.
Rab1 b6 29. axb6 Rxb6 30. Rc8+ Ne8 31. Rbc1 Bd7 32. R1c7 Bb8 33. f5 Qxb4 34.
Rxb8 Rxb8 35. Rxd7 Rc8 36. fxg6 hxg6 37. Qf2 Qf8 38. e5 Ng7 39. Qxd4 Ne6 40. Qa7
Nf4 41. Bb7 Rc1+ 42. Kh2 Qh6 43. Qe3 Rc2+ 44. Kh1 Re2 45. Rd8+ Kg7 46. Qg3 Rxe5
47. h4 g5 48. h5 Qb6 49. Rd7 Qb1+ 50. Kh2 Re2+ 51. Bg2 Rxg2+ {White resigns} 0-1

[Event "Team 45 45 League T37"]
[Site "Internet Chess Club"]
[Date "2008.05.25"]
[Round "5"]
[White "Fegary"]
[Black "lele"]
[Result "1-0"]
[WhiteElo "2062"]
[BlackElo "1890"]
[Opening "Four knights: Italian variation"]
[ECO "C47"]
[Time "14:32:57"]
[TimeControl "2700+45"]

1. e4 e5 2. Nf3 Nf6 3. Nc3 Nc6 4. Bc4 Nxe4 5. O-O Nxc3 6. dxc3 h6 7. Be3 Qf6 8.
Nd2 d6 9. f4 Qd8 10. Qh5 Qe7 11. f5 Qd7 12. Be6 Qe7 13. Bd5 Rg8 14. Ne4 Qd7 15.
Be6 Qe7 16. Bb3 Qd7 17. Rad1 Na5 18. Be6 Qe7 19. Bd5 Qd7 20. Bc5 dxc5 21. f6 g6
22. Qxe5+ Be7 23. Bxf7+ Kxf7 24. Rxd7 {Black resigns} 1-0

[Event "Team 45 45 League T37"]
[Site "Internet Chess Club"]
[Date "2008.05.25"]
[Round "5"]
[White "Ocho-Cinco"]
[Black "DeepStudy"]
[Result "0-1"]
[WhiteElo "1777"]
[BlackElo "2021"]
[Opening "French: Tarrasch, closed variation"]
[ECO "C05"]
[Time "12:06:09"]
[TimeControl "2700+45"]

1. e4 e6 2. d4 d5 3. Nd2 Nf6 4. e5 Nfd7 5. Bd3 c5 6. c3 Nc6 7. Ne2 Be7 8. O-O
O-O 9. f4 Qb6 10. Nf3 f6 11. Kh1 cxd4 12. cxd4 Nb4 13. Bb1 a5 14. a3 Nc6 15. g4
Qc7 16. Qc2 f5 17. gxf5 exf5 18. Nc3 Nb6 19. Ba2 Be6 20. Rg1 Kh8 21. Be3 Qd7 22.
Ng5 Bg8 23. Qg2 Bxg5 24. Qxg5 a4 25. Rg2 Be6 26. Nb5 Ra5 27. Nd6 Nc4 28. Bxc4
dxc4 29. Rc1 Bd5 30. Nxc4 Ra6 31. Nd6 Nd8 32. Kg1 Bxg2 33. Qxg2 Nf7 34. Nxb7 Rg6
35. Nc5 Rxg2+ 36. Kxg2 Qd5+ 37. Kf2 g5 38. fxg5 f4 39. Bxf4 Nxe5 40. Kg3 Qf3+
{White resigns} 0-1

[Event "Team 45 45 League T37"]
[Site "Internet Chess Club"]
[Date "2008.05.25"]
[Round "5"]
[White "qs16"]
[Black "GrandPoobah069"]
[Result "1/2-1/2"]
[WhiteElo "1686"]
[BlackElo "1678"]
[Opening "Benkö gambit: Zaitsev system"]
[ECO "A57"]
[Time "17:04:07"]
[TimeControl "2700+45"]

1. d4 Nf6 2. c4 c5 3. d5 b5 4. cxb5 a6 5. Nc3 axb5 6. e4 b4 7. Nb5 d6 8. Bf4 g5
9. Bxg5 Nxe4 10. Bf4 Bg7 11. Qe2 Kf8 12. Qxe4 Bxb2 13. Bh6+ Ke8 14. Rb1 Rxa2 15.
Bf4 Kf8 16. Bh6+ Ke8 17. Bf4 {Game drawn by mutual agreement} 1/2-1/2

[Event "Team 45 45 League T37"]
[Site "Internet Chess Club"]
[Date "2008.05.24"]
[Round "5"]
[White "BraafPaard"]
[Black "oldsj"]
[Result "1-0"]
[WhiteElo "1537"]
[BlackElo "1521"]
[Opening "Réti: King's Indian attack"]
[ECO "A08"]
[Time "09:00:17"]
[TimeControl "2700+45"]

1. Nf3 d5 2. g3 c5 3. Bg2 Nc6 4. O-O e5 5. d3 Nf6 6. c4 d4 7. h3 Bd6 8. Ng5 Bd7
9. h4 h6 10. Ne4 Nxe4 11. Bxe4 Qc7 12. Na3 a6 13. Nc2 Ne7 14. e3 f5 15. Bg2 Bc6
16. e4 fxe4 17. dxe4 O-O-O 18. Qg4+ Bd7 19. Qe2 Rdf8 20. b3 Be6 21. Ne1 Qd7 22.
Nd3 Bg4 23. Qc2 Ng6 24. f3 Bh3 25. Bxh3 Qxh3 26. Qg2 Qe6 27. Bd2 Rf7 28. Rf2
Rhf8 29. Raf1 b6 30. h5 Ne7 31. f4 Nc6 32. f5 Qd7 33. a3 Kc7 34. b4 Be7 35. b5
axb5 36. cxb5 Na7 37. Nxe5 Qxb5 38. Nxf7 Rxf7 39. e5 Qd3 40. e6 Rf6 41. Bf4+ Bd6
42. e7 Kd7 43. Qb7+ {Black resigns} 1-0

[Event "Team 45 45 League T37"]
[Site "Internet Chess Club"]
[Date "2008.05.22"]
[Round "5"]
[White "Chessduke"]
[Black "Gil-galad"]
[Result "1/2-1/2"]
[WhiteElo "2110"]
[BlackElo "2089"]
[Opening "Sicilian: dragon, Yugoslav attack, Rauser variation"]
[ECO "B76"]
[Time "14:50:58"]
[TimeControl "2700+45"]

1. e4 c5 2. Nf3 d6 3. d4 cxd4 4. Nxd4 Nf6 5. Nc3 g6 6. Be3 Bg7 7. f3 O-O 8. Qd2
Nc6 9. O-O-O d5 10. Nxc6 bxc6 11. exd5 Nxd5 12. Nxd5 cxd5 13. Qxd5 Qc7 14. Qc5
Qb7 15. Bd4 Bf5 16. Bxg7 Rfc8 17. Qxc8+ Rxc8 18. Bc3 Qb6 19. Bd3 Bxd3 {Game
drawn by mutual agreement} 1/2-1/2

[Event "Team 45 45 League T37"]
[Site "Internet Chess Club"]
[Date "2008.05.25"]
[Round "5"]
[White "The7thGuest"]
[Black "EtchenBABABA"]
[Result "0-1"]
[WhiteElo "2006"]
[BlackElo "1983"]
[Opening "Sicilian: dragon, Yugoslav attack, 9...Bd7"]
[ECO "B77"]
[Time "04:59:40"]
[TimeControl "2700+45"]

1. e4 c5 2. Nf3 d6 3. d4 cxd4 4. Nxd4 Nf6 5. Nc3 g6 6. Be3 Bg7 7. f3 O-O 8. Qd2
Nc6 9. Bc4 Bd7 10. Bb3 Qa5 11. g4 Rfc8 12. h4 Ne5 13. h5 Nc4 14. Bxc4 Rxc4 15.
hxg6 fxg6 16. Nb3 Qe5 17. Qd3 Rac8 18. f4 Rxc3 19. fxe5 Rxd3 20. cxd3 Nxg4 21.
Bxa7 Nxe5 22. Kd2 Bb5 23. Bd4 Nxd3 24. Bxg7 Kxg7 25. Nd4 Ba6 26. b4 Nxb4 27.
Rac1 Rxc1 28. Rxc1 Nxa2 29. Rb1 h5 30. Rb2 Bc4 31. Rxb7 Kf6 32. Nc6 h4 33. Nxe7
h3 34. Nc6 Bf1 35. Ra7 Bg2 36. Rh7 Bxe4 37. Nd4 Bg2 38. Ke3 Nc3 39. Nf3 g5 40.
Ne1 Nd5+ 41. Kf2 Nf4 42. Nxg2 hxg2 43. Rd7 d5 44. Rd8 Kf5 45. Rf8+ Ke4 46. Re8+
Kd3 47. Rd8 d4 48. Rd7 Kc3 49. Rc7+ Kd2 50. Rd7 d3 51. Rd8 Kd1 52. Rd7 d2 53.
Rc7 Ne2 54. Kxg2 Ke1 55. Rd7 d1=Q 56. Rxd1+ Kxd1 57. Kf3 Nd4+ {White resigns}
0-1

[Event "Team 45 45 League T37"]
[Site "Internet Chess Club"]
[Date "2008.05.25"]
[Round "5"]
[White "PimpingMaster"]
[Black "baumhauer"]
[Result "1-0"]
[WhiteElo "1773"]
[BlackElo "1972"]
[Opening "Scotch gambit: Benima defense"]
[ECO "C44"]
[Time "08:08:10"]
[TimeControl "2700+45"]

1. e4 e5 2. Nf3 Nc6 3. d4 exd4 4. Bc4 Be7 5. c3 d6 6. cxd4 Nf6 7. Nc3 O-O 8. O-O
Bg4 9. d5 Ne5 10. Be2 Nxf3+ 11. Bxf3 Bxf3 12. Qxf3 Nd7 13. Qe2 Bf6 14. Qc2 Re8
15. f3 Bd4+ 16. Kh1 a6 17. Ne2 Bb6 18. b3 Ne5 19. Bb2 Rc8 20. Bd4 c6 21. Bxb6
Qxb6 22. Rac1 c5 23. Ng3 g6 24. h3 c4 25. f4 Nd3 26. Rcd1 Nb4 27. Qe2 cxb3 28.
axb3 Rc2 29. Qg4 Qc7 30. e5 a5 31. Ne4 dxe5 32. Nf6+ Kf8 33. Nxe8 Kxe8 34. fxe5
Qc5 35. e6 f5 36. Qd4 Qxd4 37. Rxd4 Rc3 38. d6 Nc6 39. Rd5 Rxb3 40. Re1 a4 41.
e7 Nb8 42. d7+ Nxd7 43. Rxd7 {Black resigns} 1-0

[Event "Team 45 45 League T37"]
[Site "Internet Chess Club"]
[Date "2008.05.26"]
[Round "5"]
[White "fileman"]
[Black "vvsi"]
[Result "0-1"]
[WhiteElo "1884"]
[BlackElo "1786"]
[Opening "KGA: Fischer defense"]
[ECO "C34"]
[Time "09:47:31"]
[TimeControl "2700+45"]

1. e4 e5 2. f4 exf4 3. Nf3 d6 4. Bc4 h6 5. b3 Nf6 6. Nc3 Nc6 7. Bb2 Bg4 8. Nd5
Nxd5 9. Bxd5 Bh5 10. d4 g5 11. g3 g4 12. Nh4 f3 13. Qd2 Be7 14. Nf5 Bg5 15.
Bxc6+ bxc6 16. Qc3 Bg6 17. Qxc6+ Kf8 18. Qd5 Bxf5 19. Qxf5 h5 20. h4 Be3 21. d5
Rh6 22. e5 dxe5 23. Qxe5 Qe7 24. Ba3 Qxa3 25. Qxe3 Re8 {White resigns} 0-1

[Event "Team 45 45 League T37"]
[Site "Internet Chess Club"]
[Date "2008.05.23"]
[Round "5"]
[White "XelNaga"]
[Black "alegro"]
[Result "1-0"]
[WhiteElo "2291"]
[BlackElo "2017"]
[Opening "QGD: 4.Bg5 Be7"]
[ECO "D53"]
[Time "18:05:11"]
[TimeControl "2700+45"]

1. d4 d5 2. c4 e6 3. Nc3 Nf6 4. Bg5 Be7 5. cxd5 exd5 6. Qc2 O-O 7. e3 c6 8. Bd3
h6 9. Bh4 Re8 10. Nge2 Ne4 11. Bxe7 Qxe7 12. Bxe4 dxe4 13. Ng3 f5 14. O-O Be6
15. f3 Qg5 16. Rae1 Bc4 17. Ncxe4 fxe4 18. Qxc4+ Qd5 19. Qxd5+ cxd5 20. fxe4
dxe4 21. Rf4 Nc6 22. Rxe4 Nb4 23. Rxe8+ Rxe8 24. a3 Nd3 25. Re2 Rc8 26. Rd2 Nc1
27. e4 Rc4 28. d5 Kf8 29. e5 {Black resigns} 1-0

[Event "Team 45 45 League T37"]
[Site "Internet Chess Club"]
[Date "2008.05.25"]
[Round "5"]
[White "RedAttack"]
[Black "cappelo-upgrate"]
[Result "0-1"]
[WhiteElo "2022"]
[BlackElo "2178"]
[Opening "Queen's pawn game"]
[ECO "D05"]
[Time "14:00:19"]
[TimeControl "2700+45"]

1. d4 d5 2. Nf3 Nf6 3. e3 e6 4. Bd2 Be7 5. c4 O-O 6. Nc3 c6 7. Rc1 b6 8. Be2
Nbd7 9. Qc2 Ba6 10. Qa4 Bb7 11. cxd5 exd5 12. Qc2 Rc8 13. Bd3 c5 14. Qb1 Re8 15.
O-O Bd6 16. Nb5 Bb8 17. Bf5 a6 18. Nc3 g6 19. Bd3 Ne4 20. Be1 Ndf6 21. Ne2 c4
22. Bc2 b5 23. Ng3 Bd6 24. Nxe4 Nxe4 25. Nd2 Nf6 26. h3 b4 27. Nf3 a5 28. Bd2
Ne4 29. Rfd1 Qc7 30. Be1 Re7 31. Nd2 Nf6 32. e4 dxe4 33. Bb3 Bh2+ 34. Kh1 Bf4
35. Rxc4 Qd7 36. Qc2 Rxc4 37. Nxc4 e3 38. Kg1 e2 39. Ra1 Be4 40. Qxe2 Bxg2 41.
Qd3 Bxh3 42. Ne3 Bxe3 {White resigns} 0-1

[Event "Team 45 45 League T37"]
[Site "Internet Chess Club"]
[Date "2008.05.25"]
[Round "5"]
[White "JoshuaFranzj"]
[Black "Silenita"]
[Result "1-0"]
[WhiteElo "1894"]
[BlackElo "1866"]
[Opening "Bird's opening"]
[ECO "A02"]
[Time "13:01:43"]
[TimeControl "2700+45"]

1. f4 b6 2. Nf3 Bb7 3. e3 e6 4. Nc3 Bb4 5. b3 Bxc3 6. dxc3 Nf6 7. Bb2 O-O 8. c4
d6 9. Be2 Nbd7 10. O-O Ne4 11. Qd4 f6 12. Qd1 Qe7 13. Bd3 f5 14. Nd2 Ndf6 15.
Nxe4 Nxe4 16. Qh5 Qf7 17. Qxf7+ Rxf7 18. Rad1 Re8 19. Rf3 g6 20. Rh3 Rfe7 21.
Rf1 e5 22. fxe5 dxe5 23. b4 Rd8 24. b5 Ba8 25. a4 Rde8 26. a5 c5 27. axb6 axb6
28. Ra1 Bb7 29. Ra7 Nd6 30. Rh4 e4 31. Be2 Bc8 32. Ra8 Be6 33. Ra4 Rd7 34. h3
Bf7 35. g4 g5 36. Rh6 Bg6 37. Ra6 Rb7 38. Bf6 Nf7 39. gxf5 Nxh6 40. fxg6 hxg6
41. Bxg5 Nf5 42. Bg4 Kf7 43. Ra1 Rd7 44. Ra6 Rb7 45. Ra1 Rd7 46. Ra6 Rb8 47. h4
Rd2 48. Ra7+ Ke6 49. Rg7 Rf8 50. Rxg6+ Kd7 51. Rxb6 Rxc2 52. Rb7+ Kc8 53. Re7
Kb8 54. Rxe4 Kb7 55. Rf4 Nxe3 56. Bf3+ Kc7 57. Rxf8 Nxc4 58. Bf4+ Kb6 59. Rb8+
Ka5 60. Bc7+ Kb4 61. b6 Nd2 62. Bc6 c4 63. b7 c3 64. Ra8 Rc1+ 65. Kg2 c2 66.
b8=Q+ Kc3 67. Ra3+ Kc4 68. Qb5+ Kd4 69. Bb6# {Black checkmated} 1-0

[Event "Team 45 45 League T37"]
[Site "Internet Chess Club"]
[Date "2008.05.24"]
[Round "5"]
[White "ARMAND01968"]
[Black "frothyjowels"]
[Result "1/2-1/2"]
[WhiteElo "1798"]
[BlackElo "2224"]
[Opening "KP: Nimzovich defense"]
[ECO "B00"]
[Time "13:14:17"]
[TimeControl "2700+45"]

1. e4 Nc6 2. d4 d5 3. e5 Bf5 4. c3 e6 5. Nf3 Nge7 6. Bg5 Qd7 7. Bd3 Bxd3 8. Qxd3
Nf5 9. g4 Nh6 10. Bxh6 gxh6 11. Nbd2 O-O-O 12. O-O-O a6 13. Ne1 f6 14. f4 fxe5
15. fxe5 Be7 16. Nc2 Bg5 17. h4 Bf4 18. Rdf1 Rhf8 19. Kb1 Qg7 20. Rhg1 Bxd2 21.
Qxd2 Rxf1+ 22. Rxf1 Qxg4 23. Qxh6 Rd7 24. Rf8+ Rd8 25. Rf7 Rg8 26. b3 Nd8 27.
Rxh7 Qe4 28. Rh8 Rg2 29. Qc1 Rh2 30. Kb2 Rxh4 31. Rxh4 Qxh4 32. Qf1 Qh7 33. c4
Qd7 34. c5 Kb8 35. b4 Ka7 36. Kb3 Qg7 37. Qd3 Qg1 38. Kb2 Nc6 39. a4 b5 40.
cxb6+ cxb6 {Game drawn by mutual agreement} 1/2-1/2

[Event "Team 45 45 League T37"]
[Site "Internet Chess Club"]
[Date "2008.05.25"]
[Round "5"]
[White "FiendAngelical"]
[Black "Zornorph"]
[Result "1-0"]
[WhiteElo "1979"]
[BlackElo "2006"]
[Opening "Philidor: Improved Hanham variation"]
[ECO "C41"]
[Time "15:03:17"]
[TimeControl "2700+45"]

1. e4 e5 2. Nf3 d6 3. d4 Nf6 4. Nc3 Nbd7 5. Bc4 Be7 6. dxe5 dxe5 7. Ng5 O-O 8.
Bxf7+ Rxf7 9. Ne6 Qe8 10. Nxc7 Qd8 11. Nxa8 b5 12. Nd5 Bd6 13. a4 b4 14. Nxf6+
Nxf6 15. Bg5 Bb7 16. Qd3 Qf8 17. f3 Bxa8 18. O-O-O Be7 19. Qc4 Kh8 20. Kb1 h6
21. h4 Qe8 22. b3 Bc6 23. Bc1 Bf8 24. Rd8 Qxd8 25. Qxf7 Bc5 26. Qe6 Qd6 27. Qc8+
Kh7 28. Bb2 Nd7 29. Qe8 Be3 30. h5 Bf4 31. Qf7 a5 32. g3 Bg5 33. f4 Bf6 34. Qg6+
Kg8 35. Rf1 Qe7 36. fxe5 Nxe5 37. Qf5 Bd7 38. Qf2 Qd6 39. Qf4 Qe7 40. Rd1 Bg4
41. Rd5 Bxh5 42. Bxe5 Bg5 43. Qf5 Qa7 44. Rd7 Qg1+ 45. Ka2 Qc1 46. Rxg7+ {Black
resigns} 1-0

[Event "Team 45 45 League T37"]
[Site "Internet Chess Club"]
[Date "2008.05.24"]
[Round "5"]
[White "chess92192"]
[Black "Kalhalla"]
[Result "1-0"]
[WhiteElo "1772"]
[BlackElo "1799"]
[Opening "Pirc: Holmov system"]
[ECO "B07"]
[Time "08:01:04"]
[TimeControl "2700+45"]

1. e4 d6 2. d4 Nf6 3. Nc3 g6 4. Bc4 Bg7 5. Nf3 O-O 6. O-O Nxe4 7. Nxe4 d5 8.
Bxd5 Qxd5 9. Re1 Bg4 10. Nc3 Qd8 11. d5 c6 12. dxc6 Nxc6 13. Qxd8 Raxd8 14. Bf4
Bxf3 15. gxf3 Nd4 16. Rxe7 b5 17. Kg2 a5 18. Rc1 Rfe8 19. Bc7 Rxe7 20. Bxd8 Ra7
21. Bb6 Ra8 22. Nd5 Ne6 23. c3 Ra6 24. Be3 Rd6 25. Nf4 Nd8 26. Kf1 Nc6 27. Ke2
Ne5 28. Bd4 f6 29. Rd1 Kf7 30. b3 Bh6 31. Nd3 Nxd3 32. Rxd3 Bf4 33. h3 g5 34.
Be3 Be5 35. Rxd6 Bxd6 36. Bb6 a4 37. Kd3 Ke6 38. c4 bxc4+ 39. Kxc4 axb3 40. Kxb3
Kd7 41. Kc4 Kc6 42. Bd4 Be7 43. a4 h5 44. a5 f5 45. a6 g4 46. fxg4 fxg4 47. hxg4
hxg4 48. Kd3 Bh4 49. Ke2 Be7 50. Kf1 Bd6 51. Ke2 Be7 52. Kd3 Bd6 53. Ke4 g3 54.
f3 Kc7 55. Ke3 Bb4 56. f4 Be1 57. Kf3 Kb8 58. f5 Ka8 59. f6 Bb4 60. Kxg3 Bf8 61.
Kg4 Kb8 62. Kf5 Ka8 63. Ke6 Kb8 64. f7 Ka8 65. Kd7 Kb8 66. Ke8 Bd6 67. Be5 Bxe5
68. f8=Q Bc7 69. Kd7+ Ka7 70. Qc8 Bb6 71. Qb7# {Black checkmated} 1-0

[Event "Team 45 45 League T37"]
[Site "Internet Chess Club"]
[Date "2008.05.27"]
[Round "5"]
[White "Bega"]
[Black "GamePlayer"]
[Result "1-0"]
[WhiteElo "1783"]
[BlackElo "1513"]
[Opening "Sicilian: Alapin's variation (2.c3)"]
[ECO "B22"]
[Time "13:55:06"]
[TimeControl "2700+45"]

1. e4 c5 2. c3 d6 3. d4 cxd4 4. cxd4 Nf6 5. Nc3 e6 6. Nf3 Be7 7. Bd3 O-O 8. O-O
b6 9. Be3 Bb7 10. h3 Nc6 11. Rc1 Nb4 12. Bb1 Nxe4 13. Nxe4 Bxe4 14. Bxe4 Nxa2
15. Ra1 d5 16. Bxh7+ Kxh7 17. Rxa2 Qc7 18. Qd3+ Kg8 19. Rc1 Qd7 20. Ne5 Qd8 21.
Raa1 Bd6 22. Rc6 Bxe5 23. dxe5 Qd7 24. Rac1 Rac8 25. Rxc8 Rxc8 26. Rxc8+ Qxc8
27. Qa3 d4 28. Bf4 Qc2 29. Qxa7 Qb1+ 30. Kh2 Qxb2 31. Qa8+ Kh7 32. Qe4+ g6 33.
f3 Qb4 34. Qd3 b5 35. Bd2 Qc5 36. f4 Qc4 37. Qb1 Kg7 38. Kg3 f6 39. exf6+ Kxf6
40. Kf3 Qd5+ 41. Kf2 Qc4 42. g4 Qd5 43. Qd3 Kf7 44. Ke2 Qc4 45. Ba5 Qa2+ 46. Qd2
Qd5 47. Qd3 Qg2+ 48. Kd1 Qd5 49. Bd2 Qc4 50. Qa3 Qf1+ 51. Kc2 Qc4+ 52. Kb2 Ke8
53. Qa8+ Kd7 54. Qb7+ Ke8 55. Qe4 Kf7 56. f5 gxf5 57. gxf5 exf5 58. Qxf5+ Ke7
59. Bg5+ Kd6 60. Bf4+ Kc6 61. Qe4+ Kc5 62. Qe7+ Kd5 63. Qe5+ Kc6 64. Qd6+ Kb7
65. Qb8+ Kc6 66. Qc7+ Kd5 67. Qxc4+ bxc4 68. h4 Ke6 69. h5 Kf5 70. Bc1 Kf6 71.
Ka3 c3 72. Kb3 Ke5 73. Kc4 c2 74. Kd3 Kf6 75. Kxd4 Kf5 76. Kc3 Ke5 77. Kxc2 Kf5
78. Kd3 Ke5 79. Ke3 Kf5 80. Kf3 Kf6 81. Kg4 Kg7 82. Kg5 Kh7 83. Bb2 Kg8 84. Kg6
Kf8 85. h6 Kg8 86. h7+ Kf8 87. h8=Q+ Ke7 88. Qe5+ Kd7 89. Qf6 Kc7 90. Ba3 Kd7
91. Qd6+ Kc8 92. Qe7 Kb8 93. Bc5 Kc8 94. Bb6 Kb8 95. Qc7+ {Black resigns} 1-0

[Event "Team 45 45 League T37"]
[Site "Internet Chess Club"]
[Date "2008.05.26"]
[Round "5"]
[White "Two-DogMan"]
[Black "DonPacheco"]
[Result "0-1"]
[WhiteElo "1595"]
[BlackElo "1838"]
[Opening "Sicilian defense"]
[ECO "B30"]
[Time "19:01:44"]
[TimeControl "2700+45"]

1. e4 c5 2. Nf3 Nc6 3. Nc3 e6 4. Be2 d6 5. O-O Nf6 6. d3 Be7 7. h3 O-O 8. Be3 a6
9. d4 b5 10. e5 dxe5 11. Nxe5 Nxd4 12. Bxd4 Qxd4 13. Nc6 Qd6 14. Nxe7+ Qxe7 15.
Bf3 Bb7 16. Qe2 Bxf3 17. Qxf3 c4 18. a3 Qc7 19. Ne2 Rad8 20. Nc3 Rd2 21. Rfc1
Rfd8 22. Ne4 Nxe4 23. Qxe4 Qa7 24. Qf3 Qd4 25. Rab1 h6 26. c3 Qd5 27. Qe3 e5 28.
Rf1 Qd6 29. f4 Qg6 30. Qf3 exf4 31. h4 R8d3 32. Qa8+ Kh7 33. Rxf4 Rg3 34. Rf2
Qxb1+ 35. Rf1 Qc2 {White resigns} 0-1

[Event "Team 45 45 League T37"]
[Site "Internet Chess Club"]
[Date "2008.05.23"]
[Round "5"]
[White "alo"]
[Black "Nosferatu1"]
[Result "1-0"]
[WhiteElo "1846"]
[BlackElo "1832"]
[Opening "Sicilian defense"]
[ECO "B30"]
[Time "17:07:46"]
[TimeControl "2700+45"]

1. e4 c5 2. Nf3 Nc6 3. d3 e6 4. Nbd2 d5 5. g3 Nf6 6. Bg2 dxe4 7. dxe4 Be7 8. O-O
O-O 9. Qe2 Qc7 10. e5 Nd7 11. Re1 a6 12. a4 b6 13. Nc4 Bb7 14. Bf4 Nb4 15. Rad1
Nd5 16. Bg5 Bxg5 17. Nxg5 Ne7 18. Bxb7 Qxb7 19. Nd6 Qc7 20. Ndxf7 Rxf7 21. Qe4
Rc8 22. Qxh7+ Kf8 23. Nxe6+ Ke8 24. Nxc7+ Rxc7 25. e6 Nf6 26. exf7+ Kxf7 27. Qh4
Nf5 28. Qf4 {Black resigns} 1-0

[Event "Team 45 45 League T37"]
[Site "Internet Chess Club"]
[Date "2008.05.25"]
[Round "5"]
[White "AVEMARIA"]
[Black "touchthis"]
[Result "1/2-1/2"]
[WhiteElo "1748"]
[BlackElo "1819"]
[Opening "French: Tarrasch, Guimard main line"]
[ECO "C04"]
[Time "13:58:50"]
[TimeControl "2700+45"]

1. e4 e6 2. d4 d5 3. Nd2 Nc6 4. Ngf3 Nf6 5. e5 Nd7 6. Bb5 f6 7. exf6 Qxf6 8. c3
Bd6 9. O-O O-O 10. Nb3 e5 11. dxe5 Ndxe5 12. Nbd4 Bg4 13. Be2 Nxd4 14. Nxd4 Bxe2
15. Nxe2 c6 16. Ng3 Rf7 17. Be3 Raf8 18. b3 b6 19. Rc1 Qh4 20. Qh5 Qxh5 21. Nxh5
Ng4 22. Ng3 Nxe3 23. fxe3 Rxf1+ 24. Rxf1 Rxf1+ 25. Kxf1 Kf7 26. Kf2 Ke6 27. Kf3
Bf8 28. Ne2 Ke5 29. Nd4 Kd6 30. e4 a6 31. Kf4 dxe4 32. Kxe4 g6 33. Nf3 Be7 34.
h3 Bf6 35. Kd3 b5 36. Nd2 Ke5 37. Ne4 Be7 38. g3 h6 39. Nf2 h5 40. a4 Bd6 41.
Ne4 Be7 42. axb5 axb5 43. Ke3 c5 44. Kd3 g5 45. Nd2 Kd5 46. g4 h4 47. c4+ bxc4+
48. bxc4+ Ke5 49. Ke3 {Game drawn by mutual agreement} 1/2-1/2

[Event "Team 45 45 League T37"]
[Site "Internet Chess Club"]
[Date "2008.05.27"]
[Round "5"]
[White "crazynights"]
[Black "hondocando"]
[Result "1/2-1/2"]
[WhiteElo "1591"]
[BlackElo "1657"]
[Opening "Sicilian: Anderssen variation"]
[ECO "B41"]
[Time "13:00:21"]
[TimeControl "2700+45"]

1. e4 c5 2. Nf3 e6 3. d4 cxd4 4. Nxd4 Nf6 5. Nc3 Bc5 6. Nb3 b6 7. e5 Ng8 8. Nxc5
bxc5 9. Be3 Qc7 10. Qd6 Qxd6 11. exd6 a6 12. Bxc5 Bb7 13. Na4 Nc6 14. Nb6 Rd8
15. Be2 Nf6 16. Bf3 O-O 17. O-O-O Na5 18. Bd4 Ne8 19. Bxb7 Nxb7 20. Bc3 a5 21.
Nc4 Ra8 22. Nb6 Rd8 23. Nc4 Ra8 24. Nb6 Rd8 25. Nc4 Ra8 26. Nb6 {Game drawn by
repetition} 1/2-1/2